 Dungeon Crawl Stone Soup version 0.28-a0-998-gb9e9c7b (webtiles) character file.

Game seed: 7132942004332057203

193 Remcycle the Spear-Bearer (level 5, -5/38 HPs)
             Began as a Merfolk Gladiator on Dec 5, 2021.
             Slain by an orc warrior (13 damage)
             ... on level 3 of the Dungeon.
             The game lasted 00:06:09 (2940 turns).

Remcycle the Spear-Bearer (Merfolk Gladiator)       Turns: 2940, Time: 00:06:10

Health: -5/38      AC: 13    Str: 16    XL:     5   Next: 72%
Magic:  5/5        EV: 11    Int:  7    God:
Gold:   96         SH:  0    Dex: 19    Spells: 4/4 levels left

rFire   + + .      SeeInvis .   a - +0 trident
rCold   . . .      Faith    .   (no shield)
rNeg    . . .      Spirit   .   n - +5 scale mail of Plasticity {rF++ Dex+3 Slay+2}
rPois   .          Reflect  .   c - +0 helmet
rElec   .          Harm     .   (no cloak)
rCorr   .          Rampage  .   (no gloves)
Will    .....                   h - +0 pair of boots
Stlth   ..........              (no amulet)
HPRegen 0.12/turn               (no ring)
MPRegen 0.09/turn               (no ring)

@: no status effects
A: (nimble swimmer 2), mertail
a: no special abilities


You were on level 3 of the Dungeon.
You visited 1 branch of the dungeon, and saw 4 of its levels.

You collected 96 gold pieces.

Inventory:

Hand Weapons
 a - a +0 trident (weapon)
Missiles
 b - 3 curare-tipped darts
 d - 3 throwing nets (quivered)
Armour
 c - a +0 helmet (worn)
 h - a +0 pair of boots (worn)
 n - the +5 scale mail of Plasticity (worn) {rF++ Dex+3 Slay+2}
   (You found it on level 4 of the Dungeon)

   Dex:       It affects your dexterity (+3).
   Slay:      It affects your accuracy & damage with ranged weapons and melee
   (+2).
   rF:        It greatly protects you from fire.
Scrolls
 e - a scroll of identify {unknown}
 f - a scroll of vulnerability {unknown}
Potions
 g - a potion of mutation {unknown}
 i - a potion of lignification {unknown}


   Skills:
 - Level 2.1 Fighting
 + Level 9.0 Polearms
 - Level 2.0 Throwing
 - Level 4.0 Dodging


You had 4 spell levels left.
You didn't know any spells.
Your spell library contained the following spells:

 Spells                   Type           Power      Damage    Failure   Level
 Animate Skeleton         Necr           0%         N/A       87%         1
 Apportation              Tloc           0%         N/A       87%         1
 Summon Small Mammal      Summ           0%         N/A       87%         1


Dungeon Overview and Level Annotations

Branches:
Dungeon (4/15)
 Temple: D:4-7

Altars:
Cheibriados


Innate Abilities, Weirdness & Mutations

((You are quick and stealthy near water. (Stealth+, EV+, Speed+++)))
Your lower body shifts to a powerful aquatic tail in water.


Message History

The orc warrior hits you with a +0 scimitar!
You are too injured to fight recklessly!
You are too injured to fight recklessly!
The orc hits you with a +0 flail.
* * * LOW HITPOINT WARNING * * *
The orc warrior hits you but does no damage.
You climb upwards.
There is a stone staircase leading down here.
It was a potion of heal wounds.
You feel much better.
The orc warrior hits you with a +0 scimitar!
You completely miss the orc warrior. You hit the orc warrior.
The orc warrior is lightly wounded.
The orc warrior hits you with a +0 scimitar!
* * * LOW HITPOINT WARNING * * *
It was a potion of curing.
You feel better.
The orc warrior hits you with a +0 scimitar.
* * * LOW HITPOINT WARNING * * *
You hit the orc warrior but do no damage.
The orc warrior is lightly wounded.
The orc warrior hits you but does no damage.
As you read the scroll labelled KITADA GIMEI, it crumbles to dust.
You assume a fearsome visage.
The orc warrior looks frightened!
The orc looks frightened!
It was a scroll of fear.
You barely miss the orc warrior.
The orc warrior is lightly wounded.
Reach: a) +0 trident
Press: ? - help, Dir - move target, f - orc warrior
Aim: an orc warrior, wielding a +0 scimitar and wearing a +0 chain mail of willpower (lightly wounded, fleeing, about 36% to evade your +0 trident)
You reach to attack!
You hit the orc warrior.
Your attack snaps the orc warrior out of its fear.
The orc warrior is moderately wounded.
You hit the orc warrior.
The orc warrior is moderately wounded.
The orc nearly stumbles in trying to escape.
The orc warrior closely misses you.
You closely miss the orc warrior.
The orc warrior is moderately wounded.
The orc warrior hits you with a +0 scimitar!
You die...

#.#########...#.#####.# #.#
#.#.....#.....#.#####.###.#
##'#.###.#......o..........#
.....# #.#.#.#.....###...###
.....###.#...#...#.# ###.#
......##.#...#...#.# #...#
##+##.##...#.#.#.#.###.###
#.....#.....#.#o#.....#
###......####.#@#######
######.##....).###
....<#.######### ####.#.#
#....#.#### ..##.#....####
#....###.....# #.####
#..##.# #.# ####.....#


You could see an orc warrior and an orc (fleeing).

Vanquished Creatures
  A bullfrog zombie (D:4)
  Jessica (D:2)
  4 adders (D:3)
  A gnoll (D:2)
  A worm (D:3)
  2 dart slugs
  6 orcs
  6 bats
  4 endoplasms
  5 giant cockroaches
  9 goblins
  7 hobgoblins
  8 jackals
  A quokka (D:1)
  4 ball pythons
  4 frilled lizards
  6 kobolds
  5 rats
75 creatures vanquished.

Notes
Turn   | Place    | Note
-------+----------+-------------------------------------------
     0 | D:1      | Remcycle the Merfolk Gladiator began the quest for the Orb.
     0 | D:1      | Reached XP level 1. HP: 16/16 MP: 1/1
   218 | D:1      | Reached skill level 5 in Polearms
   236 | D:1      | Reached XP level 2. HP: 22/22 MP: 2/2
   441 | D:1      | Reached skill level 6 in Polearms
   441 | D:1      | Reached XP level 3. HP: 17/27 MP: 3/3
  1055 | D:2      | Noticed Jessica
  1059 | D:2      | Killed Jessica
  1060 | D:2      | Reached skill level 7 in Polearms
  1060 | D:2      | Reached XP level 4. HP: 28/33 MP: 4/4
  1395 | D:2      | Found a snail-covered altar of Cheibriados.
  1745 | D:2      | Found a faded altar of an unknown god.
  2027 | D:3      | Reached skill level 8 in Polearms
  2130 | D:3      | Reached XP level 5. HP: 38/38 MP: 5/5
  2661 | D:4      | Identified the +5 scale mail of Plasticity {rF++ Dex+3
                  | Slay+2}
  2701 | D:4      | Noticed an orc warrior
  2702 | D:4      | Reached skill level 9 in Polearms
  2940 | D:3      | Slain by an orc warrior

Illustrated notes

Levels and vault maps discovered:
D:1:      matt_arrival_refuge, layout_loops_ring
D:2:      layout_loops_ring, shapermc_ecumenical_altar_mp_highgroup,
          basic_altar, minmay_cut_off, uniq_jessica
D:3:      layout_basic, nicolae_overflow_hidden_temple
D:4:      layout_basic, mainiacjoe_overflow_six_doors_small, serial_shops,
          nicolae_shop_waterfront

Skill      XL: |  1  2  3  4  5 |
---------------+----------------+-----
Polearms       | 5 6 7 8 9 |  9.0
Fighting       | |  2.1
Throwing       | |  2.0
Dodging        | |  4.0

Action                   |  1- 3 |  4- 6 || total
-------------------------+-------+-------++-------
Melee: Trident           |    95 |   167 ||   262
  Use: Potion            |       |     2 ||     2
       Scroll            |       |     1 ||     1
 Stab: Sleeping          |     4 |       ||     4
Armor: Leather armour    |    19 |     3 ||    22
       Ring mail         |       |    24 ||    24
       Scale mail        |       |    11 ||    11
Dodge: Dodged            |    44 |    65 ||   109

Table legend: (Time is in decaauts)
 A = Elapsed time spent in this place.
 B = Non-inter-level travel time spent in this place.
 C = Inter-level travel time spent in this place.
 D = Time resting spent in this place.
 E = Time spent auto-exploring this place.
 F = Levels seen in this place.
 G = Mean time per level.
                   A        B        C        D        E       F      G
               +--------+--------+--------+--------+--------+-----+--------+
         Total |   2922 |   2837 |     85 |    305 |   2043 |   4 |  730.5 |
       Dungeon |   2922 |   2837 |     85 |    305 |   2043 |   4 |  730.5 |
               +--------+--------+--------+--------+--------+-----+--------+

Top non-repeatable levels by time:
     D:3: 1000 daAuts
     D:1: 977 daAuts
     D:2: 829 daAuts
     D:4: 115 daAuts
